 Dungeon Sprint DCSS version 0.27.1-34-g3ba077fa99 (webtiles) character file.

Game seed: 16517189905204404147

2673 boopmooplesden the Protected (level 9, -1/90 HPs)
             Began as a Minotaur Fighter on Jan 2, 2022.
             Was a High Priest of Makhleb.
             Killed from afar by Erica (23 damage)
             ... with a bolt of poison
             ... in the Dungeon (Sprint VII: "The Pits").
             The game lasted 00:03:41 (1111 turns).

boopmooplesden the Protected (Minotaur Fighter)     Turns: 1111, Time: 00:03:42

Health: -1/90      AC:  5    Str: 24    XL:     9   Next: 37%
Magic:  9/9        EV: 10    Int:  5    God:    Makhleb [*****.]
Gold:   0          SH: 13    Dex: 10    Spells: 8/8 levels left

rFire    . . .     SeeInvis .   u - +2 scimitar (holy)
rCold    . . .     Faith    .   c - +0 kite shield
rNeg     . . .     Spirit   .   b - +0 scale mail
rPois    .         Reflect  .   (helmet restricted)
rElec    .         Harm     .   (no cloak)
rCorr    .         Rampage  .   (no gloves)
Will     .....     NoTele   +   (no boots)
Stlth    ..........             (no amulet)
HPRegen  0.25/turn              (no ring)
MPRegen  0.11/turn              (no ring)

@: lethally poisoned (-1 -> -28), corroded, slowed, very slow
A: horns 2, retaliatory headbutt
a: Renounce Religion, Minor Destruction, Lesser Servant of Makhleb, Major
Destruction, Greater Servant of Makhleb


You were in the Dungeon.
You worshipped Makhleb.
Makhleb was extremely pleased with you.
You visited 1 branch

Inventory:

Hand Weapons
 p - a +2 long sword of holy wrath
 q - a +3 great sword
 u - a +2 scimitar of holy wrath (weapon)
Armour
 b - a +0 scale mail (worn)
 c - a +0 kite shield (worn)
 o - a +3 chain mail
 v - a +4 chain mail
Jewellery
 r - a +3 ring of protection
 s - a +3 ring of evasion
Scrolls
 j - a scroll of blinking
 m - 5 scrolls of amnesia
 n - a scroll of summoning
Potions
 d - a potion of might
 e - 8 potions of curing
 f - 7 potions of heal wounds
 g - a potion of haste
 h - 4 potions of magic
 i - 8 potions of berserk rage
 l - 2 potions of invisibility
 t - a potion of resistance


   Skills:
 + Level 12.0 Fighting
 + Level 13.3 Long Blades
 + Level 13.4 Armour
 + Level 3.0 Dodging
 + Level 1.5 Stealth
 + Level 12.5 Shields
 + Level 2.3 Invocations


You had 8 spell levels left.
You didn't know any spells.
Your spell library was empty.

Dungeon Overview and Level Annotations

Branches:
Dungeon (1/1)

Altars:
Ashenzari
Cheibriados
Dithmenos
Elyvilon
Fedhas
Gozag
Hepliaklqana
Kikubaaqudgha
Makhleb
Nemelex Xobeh
Okawaru
Qazlal
Ru
Sif Muna
Trog
Uskayaw
Vehumet
Wu Jian
Xom
Yredelemnul
Zin
The Shining One
Beogh
Jiyva
Lugonu

Annotations:
D Erica


Innate Abilities, Weirdness & Mutations

You have a pair of horns on your head.
You reflexively headbutt those who attack you in melee.


Message History

You feel yourself slow down.
A demon appears!
You feel very sick. The acid dragon spits acid at you.
The splash of acid hits you. The acid corrodes you!
You are splashed with acid!
You feel very sick. You block the acid dragon's attack. x2
You slash the acid dragon!
The acid dragon is moderately wounded.
You feel sick.
Your hellwing hits the acid dragon! Your hellwing hits the acid dragon.
You block the acid dragon's attack. The acid dragon barely misses you.
Erica points at you and mumbles some strange words.
The bolt of poison hits the acid dragon.
The acid dragon dies!
The acid dragon scales are intact enough to wear.
The bolt of poison hits you!!
You are more poisoned.
Your Fighting skill increases to level 12!
Your Dodging skill increases to level 3!
What are your orders? t - Shout!
Orders for allies: a - Attack new target. r - Retreat! s - Stop attacking. g - Guard the area. f - Follow me.
Anything else - Cancel.
Gang up on whom?
Press: ? - help, Dir - move target, f - Erica
Aim: Erica, wielding a +4 scimitar of flaming and wearing a +0 robe (ally target) Attack!
You feel extremely sick.
Erica points at you and mumbles some strange words.
Your hellwing easily resists.
Your hellwing hits Erica!
Your hellwing closely misses Erica.
You feel very sick.
Erica points at you and mumbles some strange words.
The bolt of poison misses your hellwing.
The bolt of poison hits you!!
You are lethally poisoned!
You die...

....##.......##..#
....##.......##..# #
'#####...<...##÷.# .##
))[.##.......##..# ...#
))..##.......##..## .....
######.......##...##......
.#..###########...4@n.....
.#.############...##......
.#)#....#..)[##.@## .....
.#)#....#..[[##..# ...#
.#.)....'..))##..# .##
.#†#....#..))##..# #
.'.#....#...)##..#
##################


You could see Erica (ally target) and a friendly hellwing (summoned).

Vanquished Creatures
  Harold (D)
  A cane toad (D)
  An unseen horror (D)
  2 flying skulls (D)
  A tarantella (D)
  A basilisk (D)
  A fire bat (D)
  A warg (D)
  A floating eye (D)
  A centaur (D)
  A scorpion (D)
  3 wights (D)
  A gnoll shaman (D)
  5 gnolls (D)
  An adder (D)
  A white imp (D)
  An ufetubus (D)
  A bat (D)
  3 giant cockroaches (D)
  A hobgoblin (D)
  2 frilled lizards (D)
31 creatures vanquished.

Vanquished Creatures (others)
  An acid dragon (D)
1 creature vanquished.

Grand Total: 32 creatures vanquished

Notes
Turn   | Place    | Note
-------+----------+-------------------------------------------
     0 | D        | boopmooplesden the Minotaur Fighter began the quest for the
                  | Orb.
     0 | D        | Reached XP level 1. HP: 19/19 MP: 0/0
     8 | D        | Noticed a floating eye
    12 | D        | Killed a floating eye
    13 | D        | Reached XP level 2. HP: 34/34 MP: 1/1
    13 | D        | Reached XP level 3. HP: 39/39 MP: 2/2
    13 | D        | Reached XP level 4. HP: 47/47 MP: 3/3
    39 | D        | Found a glowing golden altar of the Shining One.
    39 | D        | Found a glowing silver altar of Zin.
    39 | D        | Found a basalt altar of Yredelemnul.
    39 | D        | Found a shimmering altar of Xom.
    39 | D        | Found an ornate altar of the Wu Jian Council.
    39 | D        | Found a bloodstained altar of Trog.
    39 | D        | Found a shimmering blue altar of Sif Muna.
    39 | D        | Found a sacrificial altar of Ru.
    39 | D        | Found a stormy altar of Qazlal.
    39 | D        | Found an iron altar of Okawaru.
    39 | D        | Found a sparkling altar of Nemelex Xobeh.
    39 | D        | Found a burning altar of Makhleb.
    39 | D        | Found a viscous altar of Jiyva.
    39 | D        | Found a hazy altar of Hepliaklqana.
    39 | D        | Found an opulent altar of Gozag.
    39 | D        | Found a blossoming altar of Fedhas.
    39 | D        | Found a white marble altar of Elyvilon.
    39 | D        | Found a shadowy altar of Dithmenos.
    39 | D        | Found a snail-covered altar of Cheibriados.
    40 | D        | Found a radiant altar of Vehumet.
    40 | D        | Found a corrupted altar of Lugonu.
    41 | D        | Found an ancient bone altar of Kikubaaqudgha.
    41 | D        | Found a hide-covered altar of Uskayaw.
    41 | D        | Found a broken altar of Ashenzari.
    47 | D        | Became a worshipper of Makhleb the Destroyer
    75 | D        | Reached * piety under Makhleb
    93 | D        | Reached ** piety under Makhleb
   105 | D        | Reached XP level 5. HP: 11/52 MP: 4/4
   351 | D        | Noticed a flying skull
   351 | D        | Noticed a fire bat
   351 | D        | Noticed a warg
   360 | D        | Reached skill level 5 in Long Blades
   369 | D        | Killed a fire bat
   369 | D        | Reached *** piety under Makhleb
   370 | D        | Reached skill level 1 in Invocations
   370 | D        | Reached XP level 6. HP: 18/62 MP: 5/5
   374 | D        | Killed a flying skull
   375 | D        | Reached skill level 10 in Armour
   378 | D        | Reached XP level 7. HP: 39/70 MP: 5/7
   390 | D        | Reached skill level 10 in Shields
   391 | D        | Reached **** piety under Makhleb
   404 | D        | Reached skill level 10 in Long Blades
   601 | D        | Noticed a flying skull
   604 | D        | Killed a flying skull
   605 | D        | Reached skill level 10 in Fighting
   607 | D        | Noticed a basilisk
   623 | D        | Killed a basilisk
   624 | D        | Reached XP level 8. HP: 67/79 MP: 8/8
   677 | D        | Reached ***** piety under Makhleb
   689 | D        | Noticed Harold
   710 | D        | Killed Harold
   711 | D        | Reached skill level 1 in Dodging
   711 | D        | Reached skill level 1 in Stealth
   844 | D        | Reached XP level 9. HP: 26/89 MP: 9/9
   866 | D        | Killed an unseen horror
  1101 | D        | Noticed a bog body
  1101 | D        | Noticed Erica
  1101 | D        | Noticed a cane toad
  1106 | D        | Killed a cane toad
  1111 | D        | Killed from afar by Erica

Illustrated notes

Levels and vault maps discovered:
D:        pitsprint [storerooms_1, entrance_room_1, metal_vault_3, armoury_3,
          mini_pit_1, grid_room_1, main_hall_1, silver_pit, the_coven_1,
          the_vestibule_1, steel_vault_1, golden_pit, hallway_of_sentries,
          crystal_vault_6, iron_vault_2, final_vault]

Skill      XL: |  1  2  3  4  5  6  7  8  9 |
---------------+----------------------------+-----
Fighting       | 7 8 9 10 11 12 | 12.0
Long Blades    | 4 7 8 10 12 13 | 13.3
Armour         | 7 9 10 11 12 13 | 13.4
Shields        | 6 7 8 9 10 11 12 | 12.5
Invocations    | 1 2 |  2.3
Dodging        | 2 3 |  3.0
Stealth        | 1 |  1.5

Action                   |  1- 3 |  4- 6 |  7- 9 || total
-------------------------+-------+-------+-------++-------
Melee: Long sword        |     3 |    47 |    59 ||   109
       Headbutt          |     1 |    10 |    16 ||    27
       Scimitar          |       |       |    19 ||    19
Invok: Minor Destruction |       |     2 |       ||     2
       Lesser Servant of |       |       |     1 ||     1
  Use: Potion            |       |     1 |     2 ||     3
Armor: Scale mail        |       |     7 |    18 ||    25
       Chain mail        |       |    14 |    17 ||    31
Dodge: Dodged            |       |    15 |    23 ||    38
Block: Kite shield       |       |    27 |    40 ||    67
       Rpst.: Long sword |       |     4 |     1 ||     5
       Scimitar          |       |       |     1 ||     1
